 Dungeon Crawl Stone Soup version 0.21.0 (webtiles) character file.

7 Esekla the Vexing (level 1, 0/9 HPs)
             Began as a Spriggan Arcane Marksman on Jan 7, 2018.
             Killed from afar by an orc wizard (8 damage)
             ... with a puff of flame
             ... on level 3 of the Dungeon.
             The game lasted 00:05:06 (540 turns).

Esekla the Vexing (Spriggan Arcane Marksman)         Turns: 540, Time: 00:05:07

Health: 0/9        AC:  2    Str:  6    XL:     1   Next: 83%
Magic:  2/3        EV: 18    Int: 14    God:
Gold:   19         SH:  0    Dex: 16    Spells: 1/2 levels left

rFire    . . .     SeeInvis +   i - +0 dagger
rCold    + . .     Gourm    .   (shield restricted)
rNeg     . . .     Faith    .   a - +0 robe
rPois    .         Spirit   .   (helmet restricted)
rElec    .         Reflect  .   (no cloak)
rCorr    .         Harm     .   (gloves unavailable)
MR       .....                  (boots unavailable)
Stlth    +.........             (no amulet)
HPRegen  0.03/turn              l - ring of protection from cold
MPRegen  0.08/turn              (no ring)

@: very quick
A: very small, unfitting armour, see invisible, herbivore, speed 3, slow
metabolism 2
a: no special abilities


You were on level 3 of the Dungeon.
You were not hungry.

You visited 1 branch of the dungeon, and saw 4 of its levels.

You collected 19 gold pieces.

Inventory:

Hand Weapons
 i - a +0 dagger (weapon)
Missiles
 c - 6 tomahawks (quivered)
 d - 2 throwing nets
 h - 13 stones
Armour
 a - a +0 robe (worn)
Jewellery
 l - a ring of protection from cold (left hand)
Scrolls
 e - a scroll of teleportation {unknown}
 g - 3 scrolls of identify {unknown}
 k - a scroll of fear {unknown}
 m - a scroll of amnesia {unknown}
Potions
 j - a potion of cancellation {unknown}
Books
 b - a book of Debilitation

   Spells                             Type                      Level
   a - Corona                         Hexes                        1
   b - Slow                           Hexes                        2
   c - Inner Flame                    Hexes/Fire                   3
   d - Portal Projectile              Hexes/Translocation          3
   e - Cause Fear                     Hexes                        4
   f - Leda's Liquefaction            Hexes/Earth                  4
Comestibles
 f - a ration


   Skills:
 + Level 0.7 Fighting
 + Level 2.0 Throwing
 + Level 3.3 Dodging
 + Level 1.3 Spellcasting
 + Level 4.0 Hexes


You had one spell level left.
You knew the following spells:

 Your Spells              Type           Power        Failure   Level  Hunger
a - Corona                Hex            ##.....      4%          1    ##.....


Dungeon Overview and Level Annotations

Branches:
Dungeon (4/15)
 Temple: D:4-7

Altars:


Innate Abilities, Weirdness & Mutations

You are very small and have problems with some larger weapons.
You are too small for most types of armour.
You have supernaturally acute eyesight. (SInv)
You are a herbivore.
You cover ground extremely quickly.
You need consume almost no food.


Message History

There is a stone staircase leading up here.
You climb upwards.
There is a stone staircase leading down here.
You closely miss the orc wizard.
The orc wizard looks braver for a moment.
You hit the orc wizard.
The orc wizard is moderately wounded.
The orc wizard hits you with a dagger.
Casting: Corona
Confirm with . or Enter, or press ? or * to list all spells.
Aiming: Corona
Press: ? - help, Shift-Dir - straight line, f - orc wizard
Aim: an orc wizard, wielding a dagger and wearing a runed robe (moderately wounded, chance to defeat MR: 49%)
The orc wizard is outlined in light.
The orc wizard misses you.
You hit the orc wizard but do no damage.
The orc wizard is moderately wounded.
The orc wizard points at you and mumbles some strange words.
The puff of flame hits you!
Ouch! That really hurt!
You die... ######### ......o@# ##.######

You could see an orc wizard.

Vanquished Creatures
  An orc (D:4)
  A goblin (D:3)
  A kobold (D:1)
  A ball python (D:2)
  A bat (D:1)
  A rat (D:3)
6 creatures vanquished.

Notes
Turn   | Place    | Note
-------+----------+-------------------------------------------
     0 | D:1      | Esekla the Spriggan Arcane Marksman began the quest for the Orb.
     0 | D:1      | Reached XP level 1. HP: 9/9 MP: 3/3
   527 | D:4      | Reached skill level 4 in Hexes
   530 | D:4      | Noticed an orc wizard
   530 | D:4      | Noticed an orc priest
   540 | D:3      | Killed from afar by an orc wizard

Skill      XL: |  1 |
---------------+----+-----
Hexes          | 4 |  4.0
Fighting       | |  0.7
Throwing       | |  2.0
Dodging        | |  3.3
Spellcasting   | |  1.3

Action                   || total
-------------------------++-------
Melee: Dagger            ||    33
Throw: Tomahawk          ||     7
       Stone             ||     4
 Cast: Corona            ||     1
 Stab: Sleeping          ||     1
Armor: Robe              ||     2
Dodge: Dodged            ||    21
